 Dungeon Crawl Stone Soup version 0.29.1-15-g9cfb28693d (webtiles) character file.

Game seed: 3585171750644041911

1766 BlackCrag the Thaumaturge (level 8, -17/42 HPs)
             Began as a Deep Elf Earth Elementalist on Mar 17, 2023.
             Demolished by a Hell Sentinel (24 damage)
             ... on level 1 of the Abyss.
             The game lasted 00:29:25 (6276 turns).

BlackCrag the Thaumaturge (DEEE)                    Turns: 6276, Time: 00:29:25

Health: -17/42     AC:  5    Str:  3    XL:     8   Next: 79%
Magic:  23/23      EV: 13    Int: 21    God:
Gold:   203        SH:  0    Dex: 17    Spells: 11/26 levels left

rFire   + + +      SeeInvis .   s - +8 rapier of Pacw {venom, rF+++ rN+ Str-2 Int-2 Dex+2}
rCold   + . .      Faith    .   (no shield)
rNeg    + . .      Spirit   .   e - +1 robe {rC+ rF+}
rPois   .          Reflect  .   k - +0 helmet
rElec   .          Harm     .   g - +0 cloak
rCorr   .          Rampage  .   (no gloves)
Will    .....                   (no boots)
Stlth   +++.......              (no amulet)
HPRegen 0.14/turn               h - ring of wizardry
MPRegen 0.18/turn               z - ring of protection from fire

@: no status effects
A: no striking features
a: no special abilities


You were on level 1 of the Abyss.
You visited 1 branch of the dungeon, and saw 6 of its levels.
You visited the Abyss 1 time.

You collected 294 gold pieces.
You spent 91 gold pieces at shops.

Inventory:

Hand Weapons
 s - the +8 rapier of Pacw (weapon) {venom, rF+++ rN+ Str-2 Int-2 Dex+2}
   (You found it on level 4 of the Dungeon)

   It poisons the flesh of those it strikes.
   Str:       It affects your strength (-2).
   Int:       It affects your intelligence (-2).
   Dex:       It affects your dexterity (+2).
   rF:        It renders you almost immune to fire.
   rN:        It protects you from negative energy.
 v - a +0 sling
Armour
 e - a +1 robe of resistance (worn)
 g - a +0 cloak (worn)
 k - a +0 helmet (worn)
 w - a +0 pair of boots
Jewellery
 h - a ring of wizardry (left hand)
 u - a ring of fire
 z - a ring of protection from fire (right hand)
 A - a +4 ring of slaying
Wands
 y - a wand of quicksilver (9)
Scrolls
 b - a scroll of fear {unknown}
 f - a scroll of blinking {unknown}
 i - 3 scrolls of amnesia {unknown}
 l - a scroll of magic mapping
 m - a scroll of vulnerability {unknown}
 r - 2 scrolls of teleportation
 t - 2 scrolls of fog
Potions
 a - a potion of flight
 c - 2 potions of resistance
 d - 5 potions of heal wounds
 j - a potion of haste {unknown}
 n - 3 potions of curing
 o - a potion of attraction {unknown}
 p - a potion of brilliance {unknown}
 q - a potion of invisibility {unknown}
 x - a potion of might


   Skills:
 + Level 0.5 Fighting
 + Level 0.4 Ranged Weapons
 + Level 2.4 Dodging
 + Level 3.4 Stealth
 * Level 9.7 Spellcasting
 * Level 3.4 Conjurations
 + Level 3.6 Summonings
 + Level 1.7 Transmutations
 * Level 8.2 Earth Magic


You had 11 spell levels left.
You knew the following spells:

 Your Spells              Type           Power      Damage    Failure   Level
a - Sandblast             Erth           88%        2d18      1%          1
b - Passwall              Tmut/Erth      25%        N/A       1%          2
c - Stone Arrow           Conj/Erth      68%        3d11      1%          3
d - Petrify               Tmut/Erth      31%        N/A       3%          4
e - Summon Small Mammal   Summ           100%       N/A       1%          1
f - Call Canine Familiar  Summ           25%        N/A       1%          3
g - Apportation           Tloc           20%        N/A       2%          1

Your spell library contained the following spells:

 Spells                   Type           Power      Damage    Failure   Level
 Necrotise                Necr           40%        1d6       2%          1
 Summon Guardian Golem    Hex/Summ       17%        N/A       4%          3
 Vampiric Draining        Necr           10%        2d6       9%          3
 Summon Lightning Spire   Summ/Air       17%        N/A       12%         4
 Iskenderun's Mystic Bla  Conj/Tloc      17%        2d5       13%         4
 Airstrike                Air            5%         2d(1-17)  26%         4
 Lightning Bolt           Conj/Air       8%         1d21      34%         5
 Agony                    Necr           10%        N/A       56%         5
 Chain Lightning          Conj/Air       8%         3d11      100%        9


Dungeon Overview and Level Annotations

Branches:
Dungeon (6/15)
 Temple: D:4-7

Altars:
Ashenzari
Kikubaaqudgha
Xom

Shops:
D:3 ?   D:4 =   D:5 (

Annotations:
D:3 vampirul's ghost, amateur KoAM
D:6 3 runed translucent doors, P0WERM0DE's ghost, amateur PaAr


Message History

The wight is severely damaged.
The wight hits you with a +0 mace. You partially resist.
You feel drained. The wight closely misses you.
You puncture the wight!
You destroy the wight!
An orange demon comes into view.
Your life force feels restored.
You start resting.
A wight comes into view.
It is wielding a +0 falchion and wearing a +1 robe of positive energy.
Found a gateway leading deeper into the Abyss.
There is a gateway leading deeper into the Abyss, spattered with blood here.
You start resting.
HP restored.
You start resting.
A wight is nearby!
A wight is nearby!
You start resting.
Magic restored.
A Hell Sentinel comes into view.
A large abomination comes into view.
A small abomination comes into view.
A large abomination comes into view.
You closely miss the small abomination. The small abomination misses you.
The Hell Sentinel roars!
The small abomination hits you.
The small abomination completely misses you.
The Hell Sentinel hits you!!
Ouch! That really hurt!
The Hell Sentinel hits you.
* * * LOW HITPOINT WARNING * * *
Things that are here:
a +0 mace; a +0 robe You hit the Hell Sentinel but do no damage.
Your punch misses the Hell Sentinel. The small abomination hits you.
* * * LOW HITPOINT WARNING * * *
The Hell Sentinel barely misses you. The Hell Sentinel closely misses you.
Unknown command.
You hit the Hell Sentinel but do no damage.
The small abomination closely misses you.
The Hell Sentinel hits you!!
Ouch! That really hurt!
You die...

## # # X..#
#....#.#..#..#. #.
....#.#. #
##X.#.#....# . #
#.##### . # ...
##..## # .. .#
...#....## #... #
..##..##..###.#.#
#.....1@xX.....#.
.#..####.###.#..#.
.# #.# ## . # #..
.. #..# . #..#.
...... ###.### .


You could see a Hell Sentinel, a large abomination and a small abomination.

Vanquished Creatures
  The ghost of tropicdream the Poker, an amateur MfFi (D:4)
  Sigmund (D:3)
  A large abomination (Abyss:1)
  A water moccasin (D:5)
  A black bear (D:6)
  An ice beast (D:6)
  A phantom (D:4)
  A kobold brigand (D:3)
  3 scorpions
  2 wights (Abyss:1)
  A vampire bat (D:6)
  2 hounds
  2 jellies (D:6)
  2 iguanas
  5 gnolls
  11 adders
  2 white imps
  2 worms
  5 dart slugs
  10 orcs
  4 bats
  3 bat skeletons (D:6)
  A bat zombie (D:6)
  8 endoplasms
  A giant cockroach (D:1)
  6 goblins
  8 hobgoblins
  7 kobolds
  8 quokkas
  6 ball pythons
  2 frilled lizards (D:1)
  5 rats
114 creatures vanquished.

Vanquished Creatures (collateral kills)
  A howler monkey (D:4)
  3 kobolds (D:3)
  2 quokkas
6 creatures vanquished.

Vanquished Creatures (others)
  8 plants (D:4)
8 creatures vanquished.

Grand Total: 128 creatures vanquished

Notes
Turn   | Place    | Note
-------+----------+-------------------------------------------
     0 | D:1      | BlackCrag the Deep Elf Earth Elementalist began the quest
                  | for the Orb.
     0 | D:1      | Reached XP level 1. HP: 10/10 MP: 6/6
   134 | D:1      | Reached XP level 2. HP: 15/15 MP: 5/8
   137 | D:1      | Learned a level 2 spell: Passwall
   308 | D:1      | Reached XP level 3. HP: 19/19 MP: 5/9
   312 | D:1      | Learned a level 3 spell: Stone Arrow
   898 | D:2      | Found a faded altar of an unknown god.
  1302 | D:2      | Reached XP level 4. HP: 24/24 MP: 9/11
  1307 | D:2      | Learned a level 4 spell: Petrify
  1555 | D:2      | Reached skill level 4 in Spellcasting
  1629 | D:2      | Reached skill level 5 in Earth Magic
  1636 | D:2      | Reached XP level 5. HP: 19/28 MP: 4/13
  1638 | D:2      | Learned a level 1 spell: Summon Small Mammal
  2115 | D:3      | Reached skill level 5 in Spellcasting
  2372 | D:3      | Found a runed translucent gate.
  2372 | D:3      | Found a runed translucent gate.
  2372 | D:3      | Found a runed translucent gate.
  2372 | D:3      | Noticed vampirul's ghost (amateur KoAM)
  2476 | D:3      | Found Toechier's Magic Scroll Emporium.
  2481 | D:3      | Bought a scroll of identify for 26 gold pieces
  2481 | D:3      | Bought a scroll of teleportation for 39 gold pieces
  2481 | D:3      | Bought a scroll of identify for 26 gold pieces
  2513 | D:3      | Noticed Sigmund
  2518 | D:3      | Killed Sigmund
  2519 | D:3      | Reached skill level 1 in Conjurations
  2519 | D:3      | Reached skill level 1 in Summonings
  2519 | D:3      | Reached XP level 6. HP: 33/33 MP: 5/16
  3095 | D:4      | Identified the +8 rapier of Pacw {venom, rF+++ rN+ Str-2
                  | Int-2 Dex+2}
  3170 | D:4      | Reached skill level 6 in Spellcasting
  3232 | D:4      | Learned a level 3 spell: Call Canine Familiar
  3267 | D:4      | Reached XP level 7. HP: 34/37 MP: 1/18
  3684 | D:4      | Found a runed translucent door.
  3688 | D:4      | Noticed tropicdream's ghost (amateur MfFi)
  3705 | D:4      | Killed tropicdream's ghost
  3706 | D:4      | Reached skill level 7 in Spellcasting
  3770 | D:4      | Found Egossuomm's Jewellery Shop.
  3956 | D:4      | Got the Book of Breezy Dislocation
  3998 | D:5      | Entered Level 5 of the Dungeon
  4021 | D:5      | Found Wanuen's Antique Weapon Boutique.
  4312 | D:5      | Found a broken altar of Ashenzari.
  4322 | D:5      | Learned a level 1 spell: Apportation
  5070 | D:6      | Found a runed translucent gate.
  5070 | D:6      | Found a runed translucent gate.
  5074 | D:6      | Found a runed translucent gate.
  5081 | D:6      | Noticed P0WERM0DE's ghost (amateur PaAr)
  5104 | D:6      | Reached skill level 8 in Spellcasting
  5104 | D:6      | Reached XP level 8. HP: 42/42 MP: 6/22
  5442 | D:6      | Found an ancient bone altar of Kikubaaqudgha.
  5721 | D:6      | Found a shimmering altar of Xom.
  5792 | D:6      | Reached skill level 9 in Spellcasting
  6066 | Abyss:1  | Cast into level 1 of the Abyss (kobold)
  6133 | Abyss:1  | Noticed an orange demon
  6266 | Abyss:1  | Noticed a Hell Sentinel
  6266 | Abyss:1  | Noticed a large abomination
  6276 | Abyss:1  | Demolished by a Hell Sentinel

Illustrated notes

Levels and vault maps discovered:
D:1:      zelgadis_glass_arrival_small, layout_basic
D:2:      layout_basic, basic_ecumenical_altar
D:3:      layout_basic, serial_shops, nicolae_square_shop,
          gammafunk_ghost_nasty_kobolds, palyth_stone_intersect, uniq_sigmund
D:4:      layout_rooms, ebering_ghost_reflecting_pool, serial_shops,
          nicolae_shop_advertising_works [nicolae_subvault_shop_adworks],
          serial_bayou_lagoon_a
D:5:      layout_basic, nicolae_ashenzari_skybound, nicolae_stop_n_shop_2
D:6:      layout_cave_pools, xom_butterflies, kennysheep_vampire_church,
          ebering_ghost_rock_garden
Abyss:1:  base:
D:3

Skill      XL: |  1  2  3  4  5  6  7  8 |
---------------+-------------------------+-----
Earth Magic    | 4 5 6 8 |  8.2
Stealth        | 3 |  3.4
Spellcasting   | 4 5 6 8 9 |  9.7
Conjurations   | 1 2 3 |  3.4
Summonings     | 1 2 3 |  3.6
Fighting       | |  0.5
Ranged Weapons | |  0.4
Dodging        | |  2.4
Transmutations | |  1.7

Action                   |  1- 3 |  4- 6 |  7- 9 || total
-------------------------+-------+-------+-------++-------
Melee: Rapier            |       |       |     5 ||     5
 Fire: Sling             |       |       |     5 ||     5
 Cast: Sandblast         |    47 |    52 |    27 ||   126
       Passwall          |     4 |     4 |     3 ||    11
       Stone Arrow       |     2 |    14 |    51 ||    67
       Summon Small Mamm |       |     3 |       ||     3
       Petrify           |       |     1 |     5 ||     6
       Call Canine Famil |       |       |     6 ||     6
  Use: Scroll            |       |     4 |     5 ||     9
       Potion            |       |       |     1 ||     1
Armor: Robe              |     2 |     9 |     2 ||    13
Dodge: Dodged            |     4 |    19 |    16 ||    39
